 Dungeon Crawl Stone Soup version 0.30-a0-956-gcec3b41aec (webtiles) character file.

Game seed: 2234692293488400634

69983 Newt the Markskobold (level 15, -6/90 HPs)
             Began as a Kobold Hunter on Mar 29, 2023.
             Was a High Priest of Hepliaklqana.
             Mangled by a sixfirhy (11 damage)
             ... on level 4 of the Abyss.
             The game lasted 00:38:29 (23105 turns).

Newt the Markskobold (Kobold Hunter)               Turns: 23105, Time: 00:38:30

Health: -6/90      AC: 10    Str: 12    XL:     15   Next: 76%
Magic:  0/25       EV: 25    Int: 18    God:    Hepliaklqana [*****.]
Gold:   820        SH: 15    Dex: 25    Spells: 15/28 levels left

rFire   + . .      SeeInvis +    E - +4 sling (drain)
rCold   + . .      Faith    .    P - +1 kite shield {rC+}
rNeg    . . .      Spirit   +    o - +0 leather armour of the Forgotten Mouths {Harm Int+3}
rPois   .          Reflect  .    p - +0 helmet {SInv}
rElec   .          Rampage  .    (no cloak)
rCorr   .          Harm     + .  Q - +2 pair of gloves {Str+3}
Will    +....                    r - +1 pair of boots {Fly}
Stlth   ++                       D - amulet of guardian spirit
HPRegen 0.35/turn                h - ring of wizardry
MPRegen 0.19/turn                V - ring "Gaetoywk" {rF+ Int+4 Slay+2}

@: on fire, about to teleport, flying, glowing, invisible (but backlit and
visible)
A: reduced essence, small, no large weapons, nightstalker 3, iridescent scales
1, deformed body, robust 1
a: Renounce Religion, Recall Ancestor, Ancestor Identity, Transference, Idealise


You were on level 4 of the Abyss.
You worshipped Hepliaklqana.
Hepliaklqana was extremely pleased with you.
You visited 3 branches of the dungeon, and saw 19 of its levels.
You visited the Abyss 1 time.
You also visited: Ice Cave.

You collected 2074 gold pieces.
You spent 1254 gold pieces at shops.

Inventory:

Hand Weapons
 E - a +4 sling of draining (weapon)
 I - a +3 sling of freezing
Missiles
 t - 3 boomerangs of dispersal
Armour
 o - the +0 leather armour of the Forgotten Mouths (worn) {Harm Int+3}
   (You bought it in a shop on level 3 of the Dungeon)

   Int:       It affects your intelligence (+3).
   Harm:      It increases damage dealt and taken.
 p - a +0 helmet of see invisible (worn)
 r - a +1 pair of boots of flying (worn)
 P - a +1 kite shield of cold resistance (worn)
 Q - a +2 pair of gloves of strength (worn)
Jewellery
 h - a ring of wizardry (left hand)
 i - the ring of the Special Geomancers {rPois EV+5}
   (You acquired it on level 4 of the Dungeon)

   [ring of evasion]

   EV:        It affects your evasion (+5).
   rPois:     It protects you from poison.
 j - the ring of Gin and Tonic {Fire rPois Str-4 SInv Stlth-}
   (You found it on level 5 of the Lair of Beasts)

   [ring of fire]

   It enhances your fire magic.
   Str:       It affects your strength (-4).
   rF:        It protects you from fire.
   rC:        It makes you vulnerable to cold.
   rPois:     It protects you from poison.
   SInv:      It lets you see invisible.
   Stlth:     It makes you less stealthy.
 D - an amulet of guardian spirit (around neck)
 J - a ring of protection from fire
 V - the ring "Gaetoywk" (right hand) {rF+ Int+4 Slay+2}
   (You bought it in a shop on level 4 of the Dungeon)

   [ring of protection from fire]

   Int:       It affects your intelligence (+4).
   Slay:      It affects your accuracy & damage with ranged weapons and melee
   (+2).
   rF:        It protects you from fire.
Wands
 w - a wand of paralysis (22)
 y - a wand of polymorph (19)
 H - a wand of roots (12)
 K - a wand of flame (25)
 U - a wand of mindburst (9)
Scrolls
 b - 7 scrolls of immolation
 k - 4 scrolls of teleportation
 s - a scroll of fear
 u - 3 scrolls of magic mapping
 B - 4 scrolls of poison
 N - 2 scrolls of enchant armour
 X - 3 scrolls of identify
 Z - 2 scrolls of silence
Potions
 a - a potion of brilliance
 c - a potion of magic
 f - 4 potions of might
 g - 11 potions of curing
 l - 10 potions of flight
 z - 4 potions of mutation
 A - a potion of invisibility
 F - a potion of cancellation
 G - a potion of berserk rage
 R - 2 potions of haste
 Y - a potion of resistance
Miscellaneous
 S - a phantom mirror


   Skills:
 - Level 9.0 Fighting
 - Level 16.0 Ranged Weapons
 - Level 5.0 Armour
 + Level 13.0 Dodging
 - Level 1.3 Stealth
 - Level 10.0 Shields
 - Level 7.0 Spellcasting
 - Level 5.7 Hexes
 - Level 7.1 Translocations
 - Level 5.6 Fire Magic
 - Level 9.0 Invocations
 - Level 4.2 Evocations


You had 15 spell levels left.
You knew the following spells:

 Your Spells              Type           Power      Damage    Failure   Level
a - Inner Flame           Hex/Fire       26%        N/A       5%          3
b - Tukima's Dance        Hex            26%        N/A       5%          3
c - Portal Projectile     Hex/Tloc       58%        N/A       4%          3
d - Passage of Golubria   Tloc           32%        N/A       10%         4

Your spell library contained the following spells:

 Spells                   Type           Power      Damage    Failure   Level
 Apportation              Tloc           64%        N/A       1%          1
 Blink                    Tloc           64%        N/A       1%          2
 Foxfire                  Conj/Fire      64%        2x1d4     6%          1
 Manifold Assault         Tloc           32%        N/A       10%         4
 Vhi's Electric Charge    Tloc/Air       38%        N/A       12%         3
 Necrotise                Necr           24%        1d5       17%         1
 Summon Small Mammal      Summ           24%        N/A       17%         1
 Call Canine Familiar     Summ           6%         N/A       45%         3
 Stone Arrow              Conj/Erth      12%        3d7       45%         3
 Flame Wave               Conj/Fire      16%        2d7       45%         4
 Fulminant Prism          Conj/Hex       8%         3d6       45%         4
 Leda's Liquefaction      Hex/Erth       8%         N/A       45%         4
 Sticky Flame             Conj/Fire      16%        2d4       45%         4
 Summon Forest            Summ/Tloc      9%         N/A       71%         5
 Dispersal                Tloc           16%        N/A       78%         6
 Fireball                 Conj/Fire      8%         3d6       80%         5
 Summon Mana Viper        Hex/Summ       16%        N/A       80%         5
 Yara's Violent Unravell  Hex/Tmut       8%         3d5       80%         5
 Animate Armour           Summ/Erth      12%        N/A       83%         4
 Arcjolt                  Conj/Air       3%         1d13      99%         5
 Blade Hands              Tmut           3%         N/A       99%         5
 Starburst                Conj/Fire      8%         6d4       100%        6
 Summon Cactus Giant      Summ           3%         N/A       100%        6
 Storm Form               Tmut/Air       3%         N/A       100%        7
 Disjunction              Tloc           16%        N/A       100%        8
 Lehudib's Crystal Spear  Conj/Erth      3%         10d2      100%        8
 Maxwell's Capacitive Co  Air            3%         ∞         100%        8


Dungeon Overview and Level Annotations

Branches:
Dungeon (12/15)            Temple (0/1) D:5            Lair (5/5) D:9
  Swamp (0/4) Lair:3       Spider (0/4) Lair:2        Slime (0/5) Lair:5
    Orc (2/2) D:10            Elf (0/3) Orc:2         IceCv (visited)

Altars:
Cheibriados
Elyvilon
Fedhas
Gozag
Hepliaklqana
Qazlal
Ru
Sif Muna
Vehumet
Wu Jian
Xom
Zin
The Shining One
Jiyva

Shops:
D:3 [   D:4 =   D:7 [   D:10 (   D:11 [   Orc:1 (=   Orc:2 [(([:


Innate Abilities, Weirdness & Mutations

Your life essence is reduced to manifest your ancestor. (-10% HP)
You are small and have problems with some larger weapons.
You are completely attuned to the shadows.
You are partially covered in iridescent scales. (AC +2)
Armour fits poorly on your strangely shaped body.
You are robust. (+10% HP)


Message History

You feel the power of the Abyss delaying your translocation!
A chorus of shrieks assaults your mind.
Unknown command.
You shoot a sling bullet. The sling bullet misses the sixfirhy.
You block the sixfirhy's attack. The sixfirhy misses you.
Unknown command.
You shoot a sling bullet. The sling bullet hits the sixfirhy.
The sixfirhy is lightly wounded.
The sixfirhy closely misses you. You block the sixfirhy's attack. x2
Unknown command.
You shoot a sling bullet. The sling bullet hits the sixfirhy!
The sixfirhy is heavily wounded.
You hear a shout!
You block the sixfirhy's attack. The sixfirhy completely misses you.
The sixfirhy misses you. A chorus of shrieks assaults your mind.
Unknown command.
You shoot a sling bullet.
The sling bullet barely misses the sixfirhy.
Unknown command.
You shoot a sling bullet.
The sling bullet closely misses the balrug.
The unseen horror seems less drained.
The unseen horror hits you!
* * * LOW HITPOINT WARNING * * *
The sixfirhy completely misses you. The balrug gestures at you.
The sticky flame hits you. You resist.
You are covered in liquid flames!
* * * LOW HITPOINT WARNING * * *
A chorus of shrieks assaults your mind.
* * * LOW HITPOINT WARNING * * *
The sixfirhy completely misses you.
Unknown command.
The balrug attacks as you move away! The balrug misses you.
You are covered in liquid flames!
* * * LOW HITPOINT WARNING * * *
The sixfirhy hits you!
* * * LOW HITPOINT WARNING * * *
The sixfirhy shocks you!
You die...

## # #
# ##
..#.~
#X#...#
#X#X.#
.#x## .
##.3#
.#.
#.@#
#2§##
#.3 #..
...


You could see 2 starcursed masses, a balrug, a sixfirhy, an unseen horror
(invisible) and a ynoxinul (wandering).

Vanquished Creatures
  A frost giant (IceCv)
  An orc warlord (Orc:2)
  Nessos (D:12)
  A hydra (Lair:2)
  Fannar (Lair:2)
  Harold (Lair:2)
  A rakshasa (Abyss:3)
  2 boulder beetles
  The ghost of olddryhag the Magician, a journeyman DsFE of Vehumet (D:10)
  A dancing weapon (Orc:1)
  6 death yaks (IceCv)
  An orc high priest (Orc:2)
  A sun demon (Abyss:4)
  A skeletal warrior (D:12)
  An orc knight (Orc:2)
  A deep elf pyromancer (D:12)
  An ugly thing (D:6)
  2 cyclopes (D:11)
  An orc sorcerer (Orc:2)
  An ice statue (IceCv)
  2 black mambas
  3 torpor snails (Lair:5)
  A gargoyle (D:11)
  8 cane toads
  2 rime drakes
  An unseen horror (D:11)
  7 komodo dragons
  12 polar bears
  Prince Ribbit (D:5)
  5 blink frogs (Lair:2)
  5 hornets (Lair:5)
  5 slime creatures (D:12)
  6 dream sheep (Lair:4)
  2 wraiths (D:10)
  Sigmund (D:5)
  10 spriggans (Lair:5)
  3 wyverns
  59 yaks
  A shadow (D:10)
  2 basilisks
  2 steam dragons
  2 wargs (Orc:2)
  2 acid dragons
  12 water moccasins
  4 black bears
  3 sky beasts
  An ice beast (D:7)
  25 orc warriors
  2 ogres (Orc:2)
  5 boggarts
  20 wolves
  2 phantoms
  2 centaurs
  A kobold brigand (D:12)
  Blork the orc (D:5)
  2 gnoll sergeants
  12 bullfrogs
  2 scorpions
  4 wights (D:8)
  20 killer bees
  2 electric eels (Lair:1)
  3 howler monkeys
  12 orc priests
  4 hounds
  4 sleepcaps
  3 gnoll boudas
  2 jellies
  2 iguanas
  16 orc wizards
  4 hell rats (Lair:1)
  16 gnolls
  8 adders
  A shadow imp (D:5)
  2 white imps (D:6)
  2 ufetubi
  A worm (D:3)
  50 orcs
  6 ball pythons
  5 endoplasms
  2 giant cockroaches
  3 goblins
  11 hobgoblins
  9 quokkas
  7 bats
  2 frilled lizards (D:1)
  8 kobolds
  4 rats
476 creatures vanquished.

Vanquished Creatures (collateral kills)
  The ghost of Wothajo the Destroyer, an adept HuWn of Vehumet (Orc:1)
  An ettin (Orc:1)
  Erolcha (D:12)
  A catoblepas (Lair:4)
  A centaur warrior (D:12)
  A boulder beetle (D:11)
  A two-headed ogre (D:12)
  Urug (Lair:1)
  An orc high priest (Orc:2)
  A sun demon (Abyss:4)
  2 orc knights
  A manticore (D:11)
  An orc sorcerer (Orc:1)
  A worldbinder (Abyss:3)
  2 torpor snails (Lair:5)
  A gargoyle (D:12)
  An unseen horror (D:10)
  A kobold demonologist (D:12)
  5 rime drakes
  A yaktaur (D:10)
  A komodo dragon (Lair:5)
  3 polar bears
  A hornet (D:11)
  4 dream sheep
  3 blink frogs (Lair:2)
  2 spriggans (Lair:5)
  12 yaks
  2 basilisks
  A vampire mosquito (D:12)
  An acid dragon (D:10)
  4 water moccasins
  6 orc warriors (Orc:2)
  A sky beast (D:8)
  A black bear (Lair:5)
  An ogre (Orc:2)
  12 wolves
  3 bullfrogs
  A kobold brigand (D:10)
  2 killer bees
  2 orc priests (Orc:2)
  A gnoll bouda (D:9)
  6 orc wizards
  2 hell rats (Lair:1)
  5 gnolls
  A shadow imp (D:7)
  16 orcs
  2 kobolds (D:12)
122 creatures vanquished.

Vanquished Creatures (others)
  A dancing weapon (Lair:2)
  9 knights
  2 ancestors
  A white imp (D:6)
  26 fungi
  31 plants
70 creatures vanquished.

Grand Total: 668 creatures vanquished

Notes
Turn   | Place    | Note
-------+----------+-------------------------------------------
     0 | D:1      | Newt the Kobold Hunter began the quest for the Orb.
     0 | D:1      | Reached XP level 1. HP: 12/12 MP: 1/1
   296 | D:1      | Reached XP level 2. HP: 18/18 MP: 2/2
   433 | D:1      | You fall into a shaft and drop 1 floor!
   640 | D:1      | Reached XP level 3. HP: 23/23 MP: 3/3
   765 | D:2      | Found a faded altar of an unknown god.
   901 | D:2      | Identified the +0 ring mail "Sojif" {rF+ MP+9 Dex-4 SInv}
  1283 | D:3      | Reached XP level 4. HP: 26/30 MP: 4/4
  2166 | D:3      | Found Symurev's Antique Armour Boutique.
  2430 | D:3      | Bought a steaming leather armour for 189 gold pieces
  2430 | D:3      | Identified the +0 leather armour of the Forgotten Mouths
                  | {Harm Int+3} (You bought it in a shop on level 3 of the
                  | Dungeon)
  2497 | D:4      | Reached skill level 5 in Fighting
  2602 | D:4      | Reached XP level 5. HP: 35/35 MP: 5/5
  2608 | D:4      | Reached skill level 6 in Ranged Weapons
  2658 | D:4      | Found a hazy altar of Hepliaklqana.
  2666 | D:4      | Reached skill level 7 in Ranged Weapons
  2672 | D:4      | Reached XP level 6. HP: 40/40 MP: 6/6
  2672 | D:4      | Became a worshipper of Hepliaklqana the Forgotten
  2829 | D:4      | Found Ullafai's Jewellery Emporium.
  2885 | D:4      | Reached skill level 8 in Ranged Weapons
  3104 | D:4      | Identified a scroll of acquirement
  3104 | D:4      | Acquired the ring of the Special Geomancers {rPois EV+5}
  3535 | D:5      | Entered Level 5 of the Dungeon
  3567 | D:5      | Reached XP level 7. HP: 44/44 MP: 7/7
  3578 | D:5      | Reached skill level 9 in Ranged Weapons
  3781 | D:5      | Noticed Blork the orc
  3787 | D:5      | Killed Blork the orc
  4055 | D:5      | Reached skill level 10 in Ranged Weapons
  4262 | D:5      | Noticed Prince Ribbit
  4279 | D:5      | Killed Prince Ribbit
  4280 | D:5      | Reached skill level 5 in Dodging
  4280 | D:5      | Reached XP level 8. HP: 41/49 MP: 8/8
  4339 | D:5      | Noticed Sigmund
  4342 | D:5      | Killed Sigmund
  4343 | D:5      | Reached skill level 1 in Spellcasting
  4343 | D:5      | Reached skill level 1 in Hexes
  4343 | D:5      | Reached skill level 1 in Fire Magic
  4568 | D:5      | Found a staircase to the Ecumenical Temple.
  5008 | D:6      | Learned a level 3 spell: Inner Flame
  5012 | D:6      | Learned a level 3 spell: Tukima's Dance
  5016 | D:6      | Learned a level 3 spell: Portal Projectile
  5127 | D:6      | Reached XP level 9. HP: 47/54 MP: 11/13
  5211 | D:6      | Reached * piety under Hepliaklqana
  5312 | D:6      | Found a blossoming altar of Fedhas.
  5318 | D:6      | Found a stormy altar of Qazlal.
  5558 | D:6      | Noticed a purple ugly thing
  5572 | D:6      | Killed a purple ugly thing
  5573 | D:6      | Reached skill level 5 in Spellcasting
  5573 | D:6      | Reached skill level 5 in Hexes
  5573 | D:6      | Reached skill level 5 in Fire Magic
  5579 | D:6      | Reached XP level 10. HP: 36/53 MP: 3/17
  6332 | D:7      | Found Plog's Armour Shop.
  6445 | D:7      | Reached ** piety under Hepliaklqana
  6565 | D:8      | Reached skill level 5 in Translocations
  6705 | D:8      | Remembered your ancestor Hori as a knight
  6938 | D:8      | Reached XP level 11. HP: 50/56 MP: 16/19
  7017 | D:8      | Reached skill level 11 in Ranged Weapons
  7853 | D:9      | Found a shimmering blue altar of Sif Muna.
  7994 | D:9      | Reached skill level 12 in Ranged Weapons
  8225 | D:9      | Found a sacrificial altar of Ru.
  8327 | D:9      | Found a radiant altar of Vehumet.
  8455 | D:9      | Found a staircase to the Lair.
  8502 | D:9      | Reached skill level 13 in Ranged Weapons
  8765 | D:10     | Entered Level 10 of the Dungeon
  8825 | D:10     | Found a runed translucent door.
  8826 | D:10     | Noticed olddryhag's ghost (journeyman DsFE)
  8858 | D:10     | Found a glowing golden altar of the Shining One.
  8859 | D:10     | Found a white marble altar of Elyvilon.
  8860 | D:10     | Found an ornate altar of the Wu Jian Council.
  8923 | D:10     | Reached *** piety under Hepliaklqana
  8937 | D:10     | Reached skill level 14 in Ranged Weapons
  8979 | D:10     | Found a glowing silver altar of Zin.
  9157 | D:10     | Noticed a boulder beetle
  9404 | D:10     | Killed olddryhag's ghost
  9535 | D:10     | Found Reohi's Antique Weapon Boutique.
  9588 | D:10     | Found a staircase to the Orcish Mines.
  9700 | D:11     | Found a frozen archway.
  9703 | D:11     | Noticed a manticore
  9707 | D:11     | Reached XP level 12. HP: 52/61 MP: 17/20
  9713 | D:11     | Reached skill level 10 in Dodging
  9718 | IceCv    | Entered an ice cave
  9809 | IceCv    | Reached skill level 1 in Armour
 10078 | IceCv    | Reached skill level 5 in Armour
 10390 | IceCv    | Noticed a death yak
 10396 | IceCv    | Noticed a death yak
 10413 | IceCv    | Killed a death yak
 10413 | IceCv    | Killed a death yak
 10722 | IceCv    | Noticed a death yak
 10742 | IceCv    | Killed a death yak
 10753 | IceCv    | Reached skill level 1 in Invocations
 11050 | IceCv    | Noticed a death yak
 11050 | IceCv    | Noticed a death yak
 11050 | IceCv    | Noticed a frost giant
 11050 | IceCv    | Noticed a death yak
 11060 | IceCv    | Killed a death yak
 11061 | IceCv    | Reached XP level 13. HP: 72/72 MP: 10/21
 11096 | IceCv    | Killed a frost giant
 11097 | IceCv    | Reached skill level 5 in Invocations
 11642 | D:11     | Learned a level 4 spell: Passage of Golubria
 11759 | D:11     | Found Aska's Antique Armour Shop.
 11765 | D:11     | Bought a pair of embroidered gloves for 150 gold pieces
 12446 | D:10     | Reached skill level 1 in Evocations
 12596 | Lair:1   | Entered Level 1 of the Lair of Beasts
 12720 | Lair:1   | Reached **** piety under Hepliaklqana
 12819 | Lair:1   | Noticed Urug
 12833 | Lair:1   | Killed Urug
 13011 | Lair:1   | Gained mutation: Your magical capacity is low. (-10% MP)
                  | [potion of mutation]
 13011 | Lair:1   | Gained mutation: You are agile. (Dex +4, Str/Int -1)
                  | [potion of mutation]
 13013 | Lair:1   | Lost mutation: Your magical capacity is low. (-10% MP)
                  | [potion of mutation]
 13013 | Lair:1   | Lost mutation: You are agile. (Dex +4, Str/Int -1) [potion
                  | of mutation]
 13013 | Lair:1   | Gained mutation: You have very sharp teeth. [potion of
                  | mutation]
 13013 | Lair:1   | Gained mutation: Your muscles are strong. (Str +4, Int/Dex
                  | -1) [potion of mutation]
 13013 | Lair:1   | Gained mutation: Your muscles are very strong. (Str +8,
                  | Int/Dex -2) [potion of mutation]
 13013 | Lair:1   | Gained mutation: You are partially covered in iridescent
                  | scales. (AC +2) [potion of mutation]
 13081 | Lair:1   | Lost mutation: Your muscles are very strong. (Str +8,
                  | Int/Dex -2) [potion of mutation]
 13081 | Lair:1   | Lost mutation: You have very sharp teeth. [potion of
                  | mutation]
 13081 | Lair:1   | Lost mutation: Your muscles are strong. (Str +4, Int/Dex
                  | -1) [potion of mutation]
 13081 | Lair:1   | Gained mutation: Armour fits poorly on your strangely
                  | shaped body. [potion of mutation]
 13081 | Lair:1   | Gained mutation: You are robust. (+10% HP) [potion of
                  | mutation]
 13536 | Lair:2   | Reached skill level 1 in Shields
 13559 | Lair:2   | Found an opulent altar of Gozag.
 13566 | Lair:2   | Noticed a seven-headed hydra
 13573 | Lair:2   | Killed a seven-headed hydra
 13621 | Lair:2   | Got Doukur's Writings on the Fifth Circle
 13875 | D:4      | Bought the ring "Gaetoywk" {rF+ Int+4 Slay+2} for 536 gold
                  | pieces
 14084 | Lair:2   | Found a hole to the Spider Nest.
 14227 | Lair:2   | Noticed Harold
 14236 | Lair:2   | Killed Harold
 14653 | Lair:2   | Noticed Fannar
 14700 | Lair:2   | Killed Fannar
 15154 | Lair:2   | Reached skill level 5 in Shields
 15154 | Lair:2   | Reached XP level 14. HP: 86/86 MP: 22/22
 15562 | Lair:3   | Found a staircase to the Swamp.
 15728 | Lair:3   | Identified the +0 sling of Growth {freeze, rCorr}
 15861 | Lair:3   | Reached ***** piety under Hepliaklqana
 17233 | Lair:5   | Entered Level 5 of the Lair of Beasts
 17252 | Lair:5   | Found a viscous altar of Jiyva.
 17257 | Lair:5   | Found a staircase to the Slime Pits.
 17627 | Lair:5   | Found a snail-covered altar of Cheibriados.
 18174 | Lair:5   | Reached skill level 10 in Shields
 18513 | Lair:5   | Identified the ring of Gin and Tonic {Fire rPois Str-4 SInv
                  | Stlth-}
 18539 | Lair:5   | Reached XP level 15. HP: 90/90 MP: 25/25
 19118 | Orc:1    | Entered Level 1 of the Orcish Mines
 19164 | Orc:1    | Found Toeg's Weapon Shop.
 19262 | Orc:2    | Entered Level 2 of the Orcish Mines
 19262 | Orc:2    | Found Ike Juk's Armour Boutique.
 19266 | Orc:2    | Bought a +0 helmet of see invisible for 115 gold pieces
 19276 | Orc:2    | Bought a +1 pair of boots of flying for 165 gold pieces
 19706 | Orc:2    | Found a staircase to the Elven Halls.
 19828 | Orc:2    | Found Piuceoj's Antique Weapon Boutique.
 19833 | Orc:2    | Bought a glowing sling for 99 gold pieces
 19944 | Orc:2    | Noticed an orc warlord
 19959 | Orc:2    | Reached skill level 15 in Ranged Weapons
 19973 | Orc:2    | Killed an orc warlord
 20375 | Orc:2    | Found Lyuto's Antique Armour Shop.
 20381 | Orc:2    | Found Xill's Antique Weapon Boutique.
 20833 | Orc:2    | Found Richut's Book Emporium.
 21091 | Orc:1    | Paralysed by an orc sorcerer for 4 turns
 21095 | Orc:1    | Reached skill level 16 in Ranged Weapons
 21338 | Orc:1    | Found Qih Seh's Jewellery Boutique.
 21447 | Orc:1    | Found a runed translucent door.
 21448 | Orc:1    | Found a shimmering altar of Xom.
 21448 | Orc:1    | Noticed Wothajo's ghost (adept HuWn)
 21529 | Orc:1    | Killed Wothajo's ghost
 21805 | D:12     | Noticed Nessos
 21812 | D:12     | Killed Nessos
 22329 | D:12     | Noticed Erolcha
 22335 | D:12     | Killed Erolcha
 22891 | Abyss:2  | Cast into level 2 of the Abyss (a wizard)
 23034 | Abyss:4  | Found a corrupted altar of Lugonu.
 23073 | Abyss:4  | Noticed a balrug
 23105 | Abyss:4  | Mangled by a sixfirhy

Illustrated notes

Levels and vault maps discovered:
D:1:      scummos_arrival_star, layout_basic, chequers_arboretum
D:2:      layout_rooms, shapermc_ecumenical_altar_petra, serial_park_tiny_1
D:3:      layout_loops_cross, serial_shops, shop, hex_large,
          minmay_misc_feat_nine_boxes, nicolae_elevator_lobby_plus
D:4:      layout_loops_ring, mainiacjoe_overflow_cross_hatched, serial_shops,
          nicolae_take_the_stairs, nicolae_figureground_pulse
D:5:      layout_basic, temple_fountains, nicolae_grassy_gnolls, uniq_sigmund,
          uniq_blork_the_orc, uniq_prince_ribbit1
D:6:      cheibrodos_barr_body, layout_rooms,
          grunt_temple_overflow_forces_of_nature
D:7:      layout_loops_ring, serial_shops, nicolae_shop_window_shopping,
          hellmonk_no_cap
D:8:      layout_gridville, minivault_21, chequers_serial_rivers_room_b
D:9:      layout_grid_maze, mainiacjoe_overflow_catwalk_spiral,
          general_overflow_altar, david_lair_shrubbed
D:10:     minmay_distorted_concentric_squares, layout_cave_pools,
          mainiacjoe_overflow_brackets, gammafunk_temple_overflow_forgotten,
          orc_0_dummy, ebering_ghost_reflecting_pool, serial_shops,
          nicolae_shop_temple_entry_statues_fountains
D:11:     layout_roguey, serial_shops, shop_coins, portal_ice_cave_rime
D:12:     layout_long_grid, st_stairs_3, minmay_puff, uniq_erolcha, uniq_nessos
Lair:1:   layout_roguey, serial_bayou_shore_a, uniq_urug
Lair:2:   layout_cave_pods, spider_nest_entry_web_field, basic_altar,
          grunt_megastairs_4, uniq_fannar, uniq_harold
Lair:3:   layout_regular_city, minmay_swamp_entry_reptiles, st_stairs_13,
          beast_lair_carwin_11
Lair:4:   layout_hall_layers, chequers_serial_rivers_micro_c
Lair:5:   minmay_lair_end_enchanted_forest, layout_misc_corridors,
          slime_entry_1, serial_rivers, chequers_serial_rivers_small_3,
          chequers_serial_rivers_small_b, chequers_serial_rivers_micro_b,
          chequers_serial_rivers_micro_b, chequers_serial_rivers_micro_a,
          chequers_serial_rivers_room_a, kennysheep_snail_temple
Orc:1:    layout_caves, serial_shops, shop,
          nicolae_shop_temple_entry_statues_fountains, shop,
          nicolae_shop_temple_entry_statues_fountains, shop_statue,
          ebering_ghost_xom
Orc:2:    grunt_orc_community_town_hall, layout_caves,
          grunt_orc_community_big_house_1, grunt_orc_community_big_house_1,
          grunt_orc_community_house_2, grunt_orc_community_house_3,
          grunt_orc_community_house_3, grunt_orc_community_house_2,
          grunt_orc_community_house_2, serial_shops, nicolae_shop_hallway_stairs
Abyss:4:  base: D:6, evilmike_abyss_exit_mutagenic, evilmike_abyss_exit_1,
          minivault_11, onia_ninara_dug_in_and_dangerous,
          evilmike_abyss_exit_kraken, serial_sigils_hangedman_shear,
          hangedman_abyss_overflow_altar

Skill      XL: |  1  2  3  4  5  6  7  8  9 10 11 12 13 14 15 |
---------------+----------------------------------------------+-----
Fighting       | 3 4 5 9 |  9.0
Ranged Weapons | 7 8 10 14 16 | 16.0
Dodging        | 5 6 9 10 13 | 13.0
Spellcasting   | 2 5 6 7 |  7.0
Hexes          | 2 5 |  5.7
Fire Magic     | 2 5 |  5.6
Translocations | 7 |  7.1
Armour         | 5 |  5.0
Invocations    | 3 9 |  9.0
Evocations     | 4 |  4.2
Shields        | 5 10 | 10.0
Stealth        | |  1.3

Action                     |  1- 3 |  4- 6 |  7- 9 | 10-12 | 13-15 || total
---------------------------+-------+-------+-------+-------+-------++-------
  Melee: Shortbow          |       |       |     2 |     1 |       ||     3
   Fire: Shortbow          |    73 |   111 |   145 |   454 |   152 ||   935
         Sling             |       |       |       |       |   945 ||   945
   Cast: Inner Flame       |       |       |     4 |    28 |    28 ||    60
         Portal Projectile |       |       |     1 |    14 |    19 ||    34
         Tukima's Dance    |       |       |       |       |     7 ||     7
         Passage of Golubr |       |       |       |       |     2 ||     2
 Invoke: Recall Ancestor   |       |       |     1 |     1 |     8 ||    10
         Ancestor Life: Kn |       |       |       |     1 |       ||     1
         Transference      |       |       |       |       |     3 ||     3
         Idealise          |       |       |       |       |     4 ||     4
  Evoke: Wand              |       |       |       |       |     3 ||     3
    Use: Scroll            |     7 |     9 |     2 |     6 |    11 ||    35
         Potion            |       |     1 |       |       |     7 ||     8
 Armour: Leather armour    |     9 |    15 |    26 |    23 |    86 ||   159
         Skin              |       |       |       |       |    12 ||    12
  Dodge: Dodged            |    28 |    59 |    72 |   157 |   375 ||   691
  Block: Kite shield       |       |       |       |       |   343 ||   343

Table legend: (Time is in decaauts)
 A = Elapsed time spent in this place.
 B = Non-inter-level travel time spent in this place.
 C = Inter-level travel time spent in this place.
 D = Time resting spent in this place.
 E = Time spent auto-exploring this place.
 F = Levels seen in this place.
 G = Mean time per level.
                   A        B        C        D        E       F      G
               +--------+--------+--------+--------+--------+-----+--------+
         Total |  23118 |  21625 |   1493 |   3520 |  14765 |  23 | 1005.1 |
       Dungeon |  12310 |  11266 |   1044 |    904 |   8836 |  12 | 1025.8 |
          Lair |   6242 |   5920 |    322 |    827 |   4188 |   5 | 1248.4 |
  Orcish Mines |   2618 |   2492 |    126 |    817 |   1291 |   2 | 1309.0 |
         Abyss |    208 |    208 |      0 |     52 |      0 |   3 |   69.3 |
      Ice Cave |   1739 |   1739 |      0 |    920 |    449 |   1 | 1739.0 |
               +--------+--------+--------+--------+--------+-----+--------+

Top non-repeatable levels by time:
   IceCv: 1739 daAuts
   Orc:2: 1551 daAuts
  Lair:5: 1544 daAuts
     D:9: 1461 daAuts
  Lair:2: 1383 daAuts
     D:5: 1339 daAuts
     D:3: 1270 daAuts
  Lair:3: 1159 daAuts
     D:4: 1143 daAuts
    D:10: 1099 daAuts
  Lair:1: 1097 daAuts
   Orc:1: 1066 daAuts
  Lair:4: 1057 daAuts
    D:11: 1041 daAuts
    D:12: 1015 daAuts
